 Dungeon Crawl Stone Soup version 0.30-a0-223-gcb0039aa0c (webtiles) character file.

Game seed: 3117707981081412678

186 qw the Chopper (level 5, -16/32 HPs)
             Began as a Gargoyle Fighter on Oct 9, 2022.
             Demolished by an ogre
             ... wielding a +0 giant spiked club
              (27 damage)
             ... on level 4 of the Dungeon.
             The game lasted 00:01:07 (2899 turns).

qw the Chopper (Gargoyle Fighter)                   Turns: 2899, Time: 00:01:07

Health: -16/32     AC: 16    Str: 22    XL:     5   Next: 65%
Magic:  5/5        EV:  7    Int: 11    God:
Gold:   240        SH:  4    Dex:  9    Spells: 4/4 levels left

rFire   . . .      SeeInvis .    Y - +2 war axe
rCold   . . .      Faith    .    c - +0 buckler
rNeg    + . .      Spirit   .    g - +0 chain mail
rPois   inf        Reflect  .    a - +1 helmet {Int+3}
rElec   +          Harm     .    e - scarf {repulsion}
rCorr   .          Rampage  .    f - +0 pair of gloves
Will    .....                    (no boots)
Stlth   ..........               (no amulet)
HPRegen 0.25/turn                (no ring)
MPRegen 0.09/turn                (no ring)

@: repel missiles
A: sickness immunity, AC +4, negative energy resistance 1, electricity
resistance, torment resistance 1, petrification resistance
a: no special abilities


You were on level 4 of the Dungeon.
You visited 2 branches of the dungeon, and saw 5 of its levels.

You collected 240 gold pieces.


Innate Abilities, Weirdness & Mutations

You are immune to sickness and miasma.
Your stone body is resilient. (AC +4)
You are immune to poison.
You resist negative energy. (rN+)
You are resistant to electric shocks. (rElec)
You are resistant to unholy torment.
You are immune to petrification.


   Skills:
 - Level 3.2 Fighting
 + Level 4.9 Axes
 - Level 1.2 Throwing
 - Level 3.2 Armour
 - Level 3.2 Shields


You had 4 spell levels left.
You didn't know any spells.
Your spell library was empty.

Inventory:

Hand Weapons
 h - a +2 flail of protection
 Y - a +2 war axe (weapon)
Armour
 a - a +1 helmet of intelligence (worn)
 c - a +0 buckler (worn)
 e - a scarf of repulsion (worn)
 f - a +0 pair of gloves (worn)
 g - a +0 chain mail (worn)
 l - a +0 cloak
Jewellery
 b - an amulet of faith
Potions
 d - 2 potions of might
 i - a potion of lignification {unknown}
 j - a potion of haste {unknown}

Dungeon Overview and Level Annotations

Branches:
Dungeon (4/15)             Temple (1/1) D:4

Altars:
Ashenzari
Cheibriados
Dithmenos
Fedhas
Hepliaklqana
Makhleb
Nemelex Xobeh
Qazlal
Ru
Sif Muna
Uskayaw
Vehumet
Xom
Yredelemnul
Zin


Message History

You throw a javelin. The javelin closely misses the goblin.
You hear a shout!
An orc comes into view. It is wielding a +0 dagger.
An ogre comes into view. It is wielding a +0 giant spiked club.
2878 ||| Stepping ~*~*~tactically~*~*~ (stealth).
The goblin attacks as you move away! You block the goblin's attack.
You slash the goblin!
You kill the goblin!
You slash the orc!
You kill the orc!
A goblin comes into view. It is wielding a +0 club.
2887 ||| Stepping ~*~*~tactically~*~*~ (stealth).
The goblin shouts!
An orc comes into view. It is wielding a +0 mace.
The orc shouts!
You hear a shout!
You closely miss the goblin. You block the goblin's attack. x2
You hit the goblin.
The goblin is heavily wounded.
The goblin hits you but does no damage.
You slash the goblin!
You kill the goblin!
You hit the orc. The orc hits you but does no damage.
You hit the orc.
The orc is severely wounded.
The orc hits you but does no damage.
You barely miss the orc.
The orc is severely wounded.
You hit the ogre but do no damage. The orc hits you but does no damage.
The ogre hits you with a +0 giant spiked club!!
Ouch! That really hurt!
The orc hits you but does no damage.
You closely miss the orc.
The orc is severely wounded.
You hit the ogre.
The ogre hits you with a +0 giant spiked club!!
Ouch! That really hurt!
You die...

......
....
.(.. ...
#.. ##$#
#oO# ##
#.@##.#
#.....#
##)....#
#......#
#.....##
#....##
##..##
#.## ###
#.#


You could see an ogre and an orc.

Vanquished Creatures
  5 gnolls
  5 adders
  5 worms
  2 dart slugs
  3 orcs
  8 endoplasms
  3 giant cockroaches
  7 goblins
  3 hobgoblins
  9 jackals
  5 quokkas
  3 ball pythons
  4 bats (D:1)
  A frilled lizard (D:2)
  7 kobolds
  3 rats
73 creatures vanquished.

Notes
Turn   | Place    | Note
-------+----------+-------------------------------------------
     0 | D:1      | qw the Gargoyle Fighter began the quest for the Orb.
     0 | D:1      | Reached XP level 1. HP: 14/14 MP: 1/1
     0 | D:1      | 0 ||| qw: Version: 0.2-a-17-g06abaee
     0 | D:1      | 0 ||| qw: Game counter: 2133
     0 | D:1      | 0 ||| qw: Always use a shield: true
     0 | D:1      | 0 ||| qw: God list: Okawaru
     0 | D:1      | 0 ||| qw: Allow faded altars: false
     0 | D:1      | 0 ||| qw: Do Orc after D:15 true
     0 | D:1      | 0 ||| qw: Do second Lair branch before Depths: true
     0 | D:1      | 0 ||| qw: Lair rune preference: random
     0 | D:1      | 0 ||| qw: Plans: Normal, Zot:1-4, God:TSO, Crypt, Tomb,
                  | Pan, Slime:5, Hells, Abyss, Orb
     0 | D:1      | 0 ||| PLANNING D:1-11
    49 | D:1      | Reached skill level 2 in Axes
   142 | D:1      | Reached XP level 2. HP: 17/19 MP: 2/2
   516 | D:1      | 516 ||| Stepping ~*~*~tactically~*~*~ (stealth).
   578 | D:1      | Reached skill level 3 in Axes
   583 | D:1      | Reached XP level 3. HP: 14/23 MP: 3/3
   612 | D:1      | 612 ||| Stepping ~*~*~tactically~*~*~ (stealth).
  1022 | D:1      | 1022 ||| Stepping ~*~*~tactically~*~*~ (stealth).
  1023 | D:1      | 1023 ||| Stepping ~*~*~tactically~*~*~ (stealth).
  1094 | D:1      | 1094 ||| UPGRADING to +0 pair of gloves.
  1099 | D:1      | 1099 ||| UPGRADING to +0 chain mail.
  1109 | D:1      | 1109 ||| DROPPING +0 scale mail.
  1110 | D:1      | 1110 ||| READING scroll labelled JISULAETYXO.
  1111 | D:1      | 1111 ||| READING scroll labelled IKATIC XEQUFFUWK.
  1111 | D:1      | Identified a scroll of acquirement
  1111 | D:1      | 1111 ||| ACQUIRING +1 helmet of intelligence
  1111 | D:1      | Acquired a +1 helmet of intelligence
  1113 | D:1      | 1113 ||| UPGRADING to +1 helmet of intelligence.
  1154 | D:2      | Found a faded altar of an unknown god.
  1156 | D:2      | 1156 ||| DROPPING +0 whip.
  1269 | D:2      | Reached XP level 4. HP: 24/28 MP: 4/4
  1440 | D:2      | Reached skill level 4 in Axes
  1861 | D:2      | 1861 ||| UPGRADING to scarf of repulsion.
  1866 | D:2      | 1866 ||| READING scroll labelled YHE BIGEIPPUIG.
  2072 | D:3      | 2072 ||| Stepping ~*~*~tactically~*~*~ (hiding).
  2079 | D:3      | Reached skill level 1 in Throwing
  2079 | D:3      | 2079 ||| Stepping ~*~*~tactically~*~*~ (stealth).
  2084 | D:3      | Reached XP level 5. HP: 32/32 MP: 5/5
  2088 | D:3      | HP: 8/32 [frozen (5)]
  2090 | D:3      | HP: 3/32 [gnoll/+0 spear (1)]
  2321 | D:3      | 2321 ||| READING scroll of enchant weapon.
  2321 | D:3      | 2321 ||| ENCHANTING +1 war axe.
  2386 | D:3      | Found a burning altar of Makhleb.
  2386 | D:3      | Noticed an Executioner
  2389 | D:3      | Noticed a ynoxinul
  2389 | D:3      | Noticed a hellwing
  2515 | D:3      | 2515 ||| DROPPING +3 ring mail.
  2516 | D:3      | 2516 ||| READING scroll labelled RAOPAA AGRUCI.
  2548 | D:4      | Found a staircase to the Ecumenical Temple.
  2549 | D:4      | 2549 ||| PLANNING TEMPLE
  2549 | D:4      | 2549 ||| READING 3 scrolls labelled POTAER MUUPLO.
  2550 | D:4      | 2550 ||| DROPPING 2 scrolls of blinking.
  2552 | D:4      | 2552 ||| FLEEEEING.
  2553 | D:4      | 2553 ||| FLEEEEING.
  2554 | D:4      | 2554 ||| FLEEEEING.
  2555 | D:4      | 2555 ||| FLEEEEING.
  2556 | D:4      | 2556 ||| FLEEEEING.
  2557 | D:4      | 2557 ||| FLEEEEING.
  2558 | D:4      | 2558 ||| STAIRDANCE
  2564 | D:4      | 2564 ||| STAIRDANCE
  2574 | D:4      | 2574 ||| STAIRDANCE
  2604 | D:3      | 2604 ||| DROPPING +0 whip of electrocution.
  2610 | D:4      | 2610 ||| STAIRDANCE
  2626 | Temple   | Entered the Ecumenical Temple
  2782 | Temple   | 2782 ||| PLANNING D:1-11
  2877 | D:4      | Noticed an ogre
  2878 | D:4      | 2878 ||| Stepping ~*~*~tactically~*~*~ (stealth).
  2887 | D:4      | 2887 ||| Stepping ~*~*~tactically~*~*~ (stealth).
  2899 | D:4      | Demolished by an ogre

Levels and vault maps discovered:
D:1:      amcnicky_arrival_blooded_trapdoor, layout_basic, patterned_corridor
D:2:      layout_basic, shapermc_ecumenical_altar_mp_ritualfount,
          grunt_ministairs_7, minmay_cut_off
D:3:      layout_rooms, makhleb_altar_promises_db, minmay_hedge_maze
D:4:      layout_cave_pods, minmay_temple_entry_grid, serial_shops, shop,
          uniq_grinder
Temple:   eino_narrow_crystal_temple

Skill      XL: |  1  2  3  4 |
---------------+-------------+-----
Axes           | 2 3 4 |  4.9
Throwing       | 1 |  1.2
Fighting       | |  3.2
Armour         | |  3.2
Shields        | |  3.2

Action                   |  1- 3 |  4- 6 || total
-------------------------+-------+-------++-------
Melee: War axe           |   100 |   104 ||   204
Throw: Javelin           |       |     8 ||     8
  Use: Scroll            |     2 |     4 ||     6
Armor: Scale mail        |    59 |       ||    59
       Chain mail        |     2 |    78 ||    80
Dodge: Dodged            |    54 |    27 ||    81
       Repelled          |       |     1 ||     1
Block: Buckler           |    15 |    18 ||    33

Table legend:
 A = Non-vault XP
 B = Vault XP
 C = Vault XP percentage of total XP
 D = Non-vault monster count
 E = Vault monster count
 F = Vault count percentage of total count
                 A         B        C        D         E       F
            +---------+---------+-------+---------+---------+-------
      Total |     250 |      16 |   6.0 |      70 |       3 |   4.1
            +---------+---------+-------+---------+---------+-------
        D:1 |      70 |       0 |   0.0 |      33 |       0 |   0.0
        D:2 |      32 |      16 |  33.3 |       8 |       3 |  27.3
        D:3 |     121 |       0 |   0.0 |      23 |       0 |   0.0
        D:4 |      27 |       0 |   0.0 |       6 |       0 |   0.0
            +---------+---------+-------+---------+---------+-------
